 Dungeon Crawl Stone Soup version 0.29-a0-72-g1732ff48e7 (webtiles) character file.

Game seed: 4368308883597078014

2045 lunkers the Geomancer (level 9, -1/76 HPs)
             Began as an Octopode Earth Elementalist on Feb 3, 2022.
             Was a Believer of Ashenzari.
             Succumbed to a killer bee's poison
             ... on level 6 of the Dungeon.
             The game lasted 00:10:27 (6475 turns).

lunkers the Geomancer (Octopode Earth Elementalist) Turns: 6475, Time: 00:10:28

Health: -1/76      AC:  1    Str:  7    XL:     9   Next: 24%
Magic:  6/16       EV: 14    Int: 22    God:    Ashenzari [**....]
Gold:   986        SH:  0    Dex: 12    Spells: 12/18 levels left

rFire   + . .      SeeInvis +   d - +0 dagger of the Shackled Planets {venom, Cun, Melee} (curse)
rCold   . . .      Faith    .   (no shield)
rNeg    . . .      Spirit   .   (helmet restricted)
rPois   .          Reflect  .   l - amulet of Ashenzari's Sun {RegenMP, Alch, Melee} (curse)
rElec   .          Harm     .   i - ring "Share My Disgust" {rF+, Cun, Fort} (curse)
rCorr   .          Rampage  .   k - ring of the Unyielding Gaze {Fly, Cun, Elem} (curse)
Will    .....                   (no ring)
Stlth   ..........              (no ring)
HPRegen 0.22/turn               (no ring)
MPRegen 0.55/turn               (no ring)
                                (no ring)
                                (no ring)

@: berserking, lethally poisoned (-1 -> -18), flying, very quick
A: almost no armour, amphibious, 8 rings, camouflage 1, gelatinous body 1,
(nimble swimmer 1), tentacles
a: Renounce Religion, Curse Item, Shatter the Chains


You were on level 6 of the Dungeon.
You worshipped Ashenzari.
Ashenzari was pleased with you.
You visited 1 branch of the dungeon, and saw 7 of its levels.

You collected 986 gold pieces.

Inventory:

Hand Weapons
 d - the cursed +0 dagger of the Shackled Planets (weapon) {venom, Cun, Melee}
   (You took it off a kobold on level 1 of the Dungeon)

   It poisons the flesh of those it strikes.
   It has a curse which improves the following skills: Cunning: Dodging and
   Stealth.
   Melee Combat: Short Blades, Long Blades, Axes, Maces & Flails, Polearms,
   Staves and Unarmed Combat.
Missiles
 b - 116 stones
Magical Staves
 e - a staff of fire
Jewellery
 i - the cursed ring "Share My Disgust" (left tentacle) {rF+, Cun, Fort}
   (You found it on level 1 of the Dungeon)

   [ring of protection from fire]

   rF:        It protects you from fire.
   It has a curse which improves the following skills: Cunning: Dodging and
   Stealth.
   Fortitude: Shields.
 j - an amulet of reflection
 k - the cursed ring of the Unyielding Gaze (right tentacle) {Fly, Cun, Elem}
   (You found it on level 5 of the Dungeon)

   [ring of flight]

   Fly:       It grants you flight.
   It has a curse which improves the following skills: Cunning: Dodging and
   Stealth.
   Elements:  Fire Magic, Ice Magic, Air Magic and Earth Magic.
 l - the cursed amulet of Ashenzari's Sun (around mantle) {RegenMP, Alch, Melee}
   (You found it on level 2 of the Dungeon)

   [amulet of magic regeneration]

   It increases your rate of magic regeneration.
   It has a curse which improves the following skills: Alchemy: Poison Magic and
   Transmutations.
   Melee Combat: Short Blades, Long Blades, Axes, Maces & Flails, Polearms,
   Staves and Unarmed Combat.
Scrolls
 f - a scroll of fear
 g - a scroll of teleportation
 o - 2 scrolls of enchant armour
Potions
 a - a potion of magic
 c - a potion of flight
 h - a potion of resistance
 m - a potion of mutation
 n - a potion of brilliance
 p - a potion of berserk rage


   Skills:
 - Level 2.0(3.9) Dodging
 - Level 2.6(4.7) Stealth
 + Level 5.2 Spellcasting
 * Level 7.0 Conjurations
 - Level 1.0(1.7) Transmutations
 * Level 8.3(9.6) Earth Magic


You had 12 spell levels left.
You knew the following spells:

 Your Spells              Type           Power      Damage    Failure   Level
a - Stone Arrow           Conj/Erth      84%        3d12      1%          3
b - Passwall              Tmut/Erth      25%        N/A       1%          2
c - Sandblast             Erth           96%        2d20      1%          1

Your spell library contained the following spells:

 Spells                   Type           Power      Damage    Failure   Level
 Foxfire                  Conj/Fire      84%        2x1d8     2%          1
 Conjure Flame            Conj/Fire      21%        6-21      7%          3
 Petrify                  Tmut/Erth      30%        N/A       10%         4
 Ensorcelled Hibernation  Hex/Ice        12%        N/A       14%         2
 Spider Form              Tmut/Pois      9%         N/A       21%         3
 Flame Wave               Conj/Fire      21%        2d7       22%         4
 Inner Flame              Hex/Fire       6%         N/A       28%         3
 Summon Guardian Golem    Hex/Summ       5%         N/A       30%         3
 Anguish                  Hex/Necr       2%         N/A       69%         4
 Orb of Destruction       Conj           18%        9d8       99%         7
 Spellforged Servitor     Conj/Summ      10%        N/A       100%        7


Dungeon Overview and Level Annotations

Branches:
Dungeon (7/15)             Temple (0/1) D:4

Altars:
Ashenzari
Dithmenos
Makhleb
Sif Muna
Vehumet
The Shining One


Innate Abilities, Weirdness & Mutations

You cannot wear most types of armour.
You are amphibious.
You can wear up to eight rings at the same time.
Your skin changes colour to match your surroundings (Stealth+).
Your rubbery body absorbs attacks. (AC +1, EV +1)
((You are camouflaged when in or above water. (Stealth+)))
You have tentacles for arms and can constrict up to eight enemies at once.


Message History

Unknown command.
Casting: Stone Arrow (safe; 1% risk of failure)
Confirm with . or Enter, or press ? or * to list all spells.
Aiming: Stone Arrow (safe; 1% risk of failure)
Press: ? - help, Shift-Dir - straight line, f/p - killer bee
Aim: a killer bee (51% to hit)
The stone arrow hits the killer bee!!
You kill the killer bee!
You feel sick. The killer bee completely misses you. The killer bee stings you!
* * * LOW HITPOINT WARNING * * *
You are more poisoned.
The killer bee poisons you!
Your Conjurations skill increases to level 7!
Unknown command.
Casting: Stone Arrow (safe; 1% risk of failure)
Confirm with . or Enter, or press ? or * to list all spells.
Aiming: Stone Arrow (safe; 1% risk of failure)
Press: ? - help, Shift-Dir - straight line, f - killer bee
Aim: a killer bee (51% to hit)
The stone arrow hits the killer bee!
The killer bee is almost dead.
You feel very sick. The killer bee stings you.
* * * LOW HITPOINT WARNING * * *
The killer bee stings you!
* * * LOW HITPOINT WARNING * * *
You are more poisoned.
The killer bee poisons you!
Casting: Stone Arrow (safe; 1% risk of failure)
Confirm with . or Enter, or press ? or * to list all spells.
Aiming: Stone Arrow (safe; 1% risk of failure)
Press: ? - help, Shift-Dir - straight line, f/p - killer bee
Aim: a killer bee (almost dead, 51% to hit)
The stone arrow hits the killer bee!!
You kill the killer bee!
* * * LOW HITPOINT WARNING * * *
You feel very sick.
A red film seems to cover your vision as you go berserk!
You feel yourself moving faster!
You feel mighty!
You die...

........###.....#
########
....##.........##
....######.....# #..##
##.#..# ##.# ####.##
#### #..# # ##.# #)##
#.@# ### ##(### #>###
#...### #...##
#..#..## #....###
##.....## #......##
#..#รท..# ##......###
#..#...## ##.>.....##
##..#...# #
##...[...###.......###


There were no monsters in sight!

Vanquished Creatures
  A kobold demonologist (D:6)
  A water moccasin (D:6)
  An ice beast (D:6)
  2 sky beasts (D:5)
  3 ogres
  A kobold brigand (D:6)
  A scorpion (D:4)
  A water moccasin zombie (D:5)
  A wyvern skeleton (D:5)
  A water moccasin skeleton (D:6)
  2 killer bees (D:6)
  A howler monkey (D:6)
  A bullfrog zombie (D:5)
  2 centaur zombies
  2 hounds
  A bullfrog skeleton (D:6)
  2 centaur skeletons
  3 iguanas
  5 orc wizards
  2 hound skeletons (D:5)
  A howler monkey zombie (D:5)
  4 gnolls (D:3)
  A howler monkey skeleton (D:5)
  8 adders
  2 shadow imps
  A white imp (D:3)
  An ufetubus (D:6)
  An adder skeleton (D:5)
  A worm (D:2)
  2 dart slugs
  18 orcs
  2 endoplasms
  A giant cockroach (D:4)
  9 goblins
  7 hobgoblins
  2 jackals (D:1)
  4 quokkas
  11 ball pythons
  6 bats
  4 frilled lizards
  8 kobolds
  9 rats
137 creatures vanquished.

Notes
Turn   | Place    | Note
-------+----------+-------------------------------------------
     0 | D:1      | lunkers the Octopode Earth Elementalist began the quest for
                  | the Orb.
     0 | D:1      | Reached XP level 1. HP: 11/11 MP: 3/3
   235 | D:1      | Reached XP level 2. HP: 17/17 MP: 3/5
   532 | D:1      | Reached XP level 3. HP: 21/21 MP: 1/6
  1042 | D:2      | Reached skill level 4 in Earth Magic
  1220 | D:2      | Learned a level 2 spell: Passwall
  1224 | D:2      | Learned a level 3 spell: Stone Arrow
  1272 | D:2      | Reached XP level 4. HP: 27/27 MP: 2/7
  1396 | D:2      | Reached skill level 1 in Conjurations
  1712 | D:3      | Found a broken altar of Ashenzari.
  1741 | D:3      | Became a worshipper of Ashenzari the Shackled
  1847 | D:3      | Reached XP level 5. HP: 20/31 MP: 5/9
  2452 | D:3      | Reached skill level 5 in Earth Magic
  2699 | D:3      | Found a faded altar of an unknown god.
  2704 | D:3      | Reached XP level 6. HP: 36/36 MP: 6/10
  3235 | D:4      | Found a shimmering blue altar of Sif Muna.
  3320 | D:4      | Found a staircase to the Ecumenical Temple.
  3569 | D:4      | Reached XP level 7. HP: 41/41 MP: 4/12
  3604 | D:4      | Reached * piety under Ashenzari
  4444 | D:5      | Entered Level 5 of the Dungeon
  4474 | D:5      | Found a shadowy altar of Dithmenos.
  4479 | D:5      | Reached skill level 6 in Earth Magic
  4717 | D:5      | Reached XP level 8. HP: 46/46 MP: 4/14
  4722 | D:5      | Reached skill level 5 in Conjurations
  5252 | D:6      | Identified a scroll of acquirement
  5254 | D:6      | Reached skill level 7 in Earth Magic
  5284 | D:6      | Acquired 706 gold pieces
  5334 | D:6      | Reached ** piety under Ashenzari
  5402 | D:6      | HP: 2/46 [poisoned by a kobold brigand]
  5713 | D:6      | Found a glowing golden altar of the Shining One.
  5718 | D:6      | Found a burning altar of Makhleb.
  5719 | D:6      | Found a radiant altar of Vehumet.
  6008 | D:6      | Identified the +6 scale mail of Omission {rF+++ MP-9 Slay-4
                  | SInv}
  6207 | D:6      | Noticed a kobold demonologist
  6212 | D:6      | Noticed a hellwing
  6215 | D:6      | Killed a kobold demonologist
  6216 | D:6      | Reached skill level 5 in Spellcasting
  6216 | D:6      | Reached skill level 8 in Earth Magic
  6216 | D:6      | Reached XP level 9. HP: 51/51 MP: 2/16
  6474 | D:6      | HP: 2/51 [poisoned by a killer bee]
  6475 | D:6      | Succumbed to a killer bee's poison

Illustrated notes

Levels and vault maps discovered:
D:1:      matt_arrival_grand_opening, layout_loops_cross
D:2:      cheibrodos_helix_gallery, layout_basic
D:3:      layout_loops_cross, nicolae_overflow_crystal_walls,
          hellmonk_ecumenical_altar_leap_of_faith, hangedman_decor_opposing
D:4:      layout_layer_cave, kennysheep_orc_sif_temple,
          minmay_temple_entry_statues
D:5:      layout_basic, mainiacjoe_overflow_concentric_impassable,
          nicolae_overflow_hidden_temple
D:6:      layout_cave_pods, grunt_temple_overflow_open, minmay_liquid_box
D:7:      minmay_octagon_keep, layout_cave_pools, kennysheep_generic_room_13

Skill      XL: |  1  2  3  4  5  6  7  8  9 |
---------------+----------------------------+-----
Earth Magic    | 4 5 6 8 |  8.3
Conjurations   | 1 2 3 4 6 7 |  7.0
Spellcasting   | 3 4 5 |  5.2
Dodging        | |  2.0
Stealth        | |  2.6
Transmutations | |  1.0

Action                   |  1- 3 |  4- 6 |  7- 9 || total
-------------------------+-------+-------+-------++-------
Melee: Dagger            |    11 |    13 |    22 ||    46
       Constrict         |     4 |     5 |     6 ||    15
       Tentacles         |     1 |     2 |     4 ||     7
       Punch             |       |       |     1 ||     1
 Cast: Sandblast         |    41 |     8 |    14 ||    63
       Stone Arrow       |       |    51 |    81 ||   132
Invok: Curse Item        |       |     1 |     3 ||     4
  Use: Scroll            |       |     4 |     1 ||     5
       Potion            |       |       |     2 ||     2
 Stab: Sleeping          |       |     1 |       ||     1
Armor: Skin              |       |     7 |     2 ||     9
Dodge: Dodged            |     9 |    15 |    38 ||    62

Table legend: (Time is in decaauts)
 A = Elapsed time spent in this place.
 B = Non-inter-level travel time spent in this place.
 C = Inter-level travel time spent in this place.
 D = Time resting spent in this place.
 E = Time spent auto-exploring this place.
 F = Levels seen in this place.
 G = Mean time per level.
                   A        B        C        D        E       F      G
               +--------+--------+--------+--------+--------+-----+--------+
         Total |   6474 |   6305 |    169 |     49 |   5442 |   7 |  924.9 |
       Dungeon |   6474 |   6305 |    169 |     49 |   5442 |   7 |  924.9 |
               +--------+--------+--------+--------+--------+-----+--------+

Top non-repeatable levels by time:
     D:4: 1556 daAuts
     D:3: 1198 daAuts
     D:6: 1186 daAuts
     D:1: 1031 daAuts
     D:5: 807 daAuts
     D:2: 658 daAuts
     D:7: 36 daAuts
